 Dungeon Crawl Stone Soup version 0.31-a0-167-g1c394c0614 (webtiles) character file.

Game seed: 10551157636988843599

553 Anon1729 the Trooper (level 7, 0/61 HPs)
             Began as a Minotaur Monk on June 14, 2023.
             Slain by Pikel
             ... wielding a +2 whip of electrocution
              (11 damage)
             ... on level 6 of the Dungeon.
             The game lasted 00:01:46 (1991 turns).

Anon1729 the Trooper (Minotaur Monk)                Turns: 1991, Time: 00:01:47

Health: 0/61       AC:  2    Str: 15    XL:     7   Next: 8%
Magic:  8/8        EV: 14    Int:  7    God:
Gold:   155        SH:  0    Dex: 15    Spells: 6/6 levels left

rFire   . . .        f - +1 dagger (venom)
rCold   . . .        d - orb {light}
rNeg    . . .        b - +0 robe
rPois   .            (helmet restricted)
rElec   .            (no cloak)
rCorr   .            (no gloves)
SInv    .            (no boots)
Will    .....        (no amulet)
Stlth   +            (no ring)
HPRegen 0.30/turn    (no ring)
MPRegen 0.11/turn

%: no passive effects
@: glowing
A: horns 2, retaliatory headbutt
a: no special abilities


You were on level 6 of the Dungeon.
You visited 2 branches of the dungeon, and saw 6 of its levels.

You collected 155 gold pieces.

Inventory:

Hand Weapons
 a - a +0 short sword
 f - a +1 dagger of venom (weapon)
Armour
 b - a +0 robe (worn)
 d - an orb of light (worn)
Wands
 j - a wand of paralysis (9)
Scrolls
 e - 2 scrolls of noise {unknown}
 h - 2 scrolls of identify {unknown}
 k - a scroll of fog {unknown}
 l - a scroll of brand weapon {unknown}
 m - a scroll of silence {unknown}
Potions
 g - a potion of might {unknown}
 i - a potion of curing {unknown}
 n - a potion of cancellation {unknown}
 o - a potion of magic {unknown}


   Skills:
 + Level 5.4 Fighting
 + Level 4.9 Short Blades
 + Level 3.6 Armour
 + Level 4.9 Dodging
 + Level 3.1 Invocations


You had 6 spell levels left.
You didn't know any spells.
Your spell library contained the following spells:

 Spells                   Type           Power      Damage    Failure   Level
 Poisonous Vapours        Pois/Air       0%         N/A       56%         2
 Mephitic Cloud           Conj/Pois/Air  0%         N/A       80%         3
 Freezing Cloud           Conj/Ice/Air   0%         6-21      100%        5


Dungeon Overview and Level Annotations

Branches:
Dungeon (6/15)             Temple (1/1) D:5

Altars:
Dithmenos
Elyvilon
Gozag
Hepliaklqana
Kikubaaqudgha
Makhleb
Nemelex Xobeh
Okawaru
Qazlal
Ru
Sif Muna
Trog
Vehumet
Xom
Yredelemnul
Zin

Annotations:
D:6 Pikel


Innate Abilities, Weirdness & Mutations

You have a pair of horns on your head.
You reflexively headbutt those who attack you in melee.


Message History

You feel sick. The lemure hits you.
You closely miss the lemure. Your headbutt misses the lemure.
The lemure is heavily wounded.
You feel sick.
You hit the lemure.
The lemure is poisoned.
The lemure is heavily wounded.
You feel sick. The lemure hits you.
* * * LOW HITPOINT WARNING * * *
You hit the lemure.
The lemure is severely wounded.
The lemure closely misses you.
You hit the lemure. You headbutt the lemure.
The lemure is almost dead.
You feel sick.
You are confused.
You feel invigorated.
You feel sick.
You hit Pikel but do no damage.
Pikel is poisoned.
You feel sick.
You are no longer poisoned.
You hit Pikel but do no damage. Pikel closely misses you.
You bump into the rock wall.
Pikel hits you with a +2 whip of electrocution.
You hit Pikel but do no damage.
Pikel looks as sick as possible!
You headbutt Pikel, but do no damage.
Pikel is lightly wounded.
Pikel misses you.
You bump into the rock wall.
Pikel closely misses you. Pikel attacks as you move away!
Pikel hits you with a +2 whip of electrocution!
You are electrocuted!
* * * LOW HITPOINT WARNING * * *
You bump into the rock wall.
You feel less invigorated.
You feel less confused. Pikel barely misses you.
Pikel attacks as you move away! Pikel barely misses you.
Pikel attacks as you move away!
Pikel hits you with a +2 whip of electrocution!
* * * LOW HITPOINT WARNING * * *
Pikel attacks as you move away!
Pikel hits you with a +2 whip of electrocution!
You die...

##.........##
#...........#
#...........####
#......†.....>..
##......<..#######
##...#...........
######.......#
##..###.# ##@..# .
#K..# #.5.# #.s.##
###..# ###h# #.#5#
#..5###
#.....######.


You could see Pikel (invisible, very poisoned), 3 lemures, a scorpion and a
howler monkey.

Vanquished Creatures
  A black bear (D:6)
  An ogre (D:5)
  A lemure (D:6)
  2 scorpions
  A vampire bat (D:5)
  2 hounds (D:5)
  An orc priest (D:5)
  3 gnolls (D:5)
  3 adders (D:5)
  An ufetubus (D:5)
  A worm (D:3)
  A dart slug (D:2)
  4 orcs (D:5)
  5 endoplasms
  A giant cockroach (D:1)
  2 hobgoblins
  4 jackals (D:1)
  6 ball pythons
  9 bats
  A frilled lizard (D:3)
  3 goblins (D:1)
  5 kobolds
  6 rats (D:1)
64 creatures vanquished.

Notes
Turn   | Place    | Note
-------+----------+-------------------------------------------
     0 | D:1      | Anon1729 the Minotaur Monk began the quest for the Orb.
     0 | D:1      | Reached XP level 1. HP: 19/19 MP: 0/0
    88 | D:1      | Reached XP level 2. HP: 27/27 MP: 1/1
   167 | D:1      | Reached skill level 1 in Armour
   409 | D:2      | Reached skill level 1 in Invocations
   555 | D:2      | Reached XP level 3. HP: 33/33 MP: 2/2
   608 | D:2      | Reached skill level 4 in Fighting
   757 | D:3      | You fall into a shaft and drop 2 floors!
   757 | D:5      | Entered Level 5 of the Dungeon
   757 | D:5      | Found a staircase to the Ecumenical Temple.
   817 | Temple   | Entered the Ecumenical Temple
   905 | D:5      | Noticed a scorpion
   907 | D:5      | Reached XP level 4. HP: 36/40 MP: 2/4
   924 | D:5      | Killed a scorpion
   927 | D:5      | Reached XP level 5. HP: 47/47 MP: 3/5
  1461 | D:5      | Noticed an ogre
  1470 | D:5      | Killed an ogre
  1471 | D:5      | Reached XP level 6. HP: 55/55 MP: 6/6
  1523 | D:5      | Reached skill level 5 in Fighting
  1870 | D:6      | Reached XP level 7. HP: 37/61 MP: 8/8
  1961 | D:6      | Noticed Pikel
  1991 | D:6      | Slain by Pikel

Illustrated notes

Levels and vault maps discovered:
D:1:      onia_arrival_mini_spirals, layout_rooms
D:2:      layout_loops_ring
D:3:      minmay_goblin_kobold_castle, layout_rooms, serial_bayou_pond_e
D:5:      layout_loops_corners, minmay_temple_entry_mist, roderic_batcave
D:6:      layout_rooms, gammafunk_ghost_cemetery, uniq_pikel
Temple:   nicolae_temple_x_marks_the_god

Skill      XL: |  1  2  3  4  5  6 |
---------------+-------------------+-----
Armour         | 1 2 3 |  3.6
Invocations    | 1 2 3 |  3.1
Fighting       | 4 5 |  5.4
Short Blades   | 4 |  4.9
Dodging        | 4 |  4.9

Action                     |  1- 3 |  4- 6 |  7- 9 || total
---------------------------+-------+-------+-------++-------
  Melee: Short sword       |    33 |       |       ||    33
         Headbutt          |    17 |    18 |     5 ||    40
         Dagger            |    36 |    64 |    14 ||   114
    Use: Potion            |       |       |     1 ||     1
 Armour: Robe              |    13 |     9 |       ||    22
  Dodge: Dodged            |    47 |    52 |    13 ||   112

Table legend: (Time is in decaauts)
 A = Elapsed time spent in this place.
 B = Non-inter-level travel time spent in this place.
 C = Inter-level travel time spent in this place.
 D = Time resting spent in this place.
 E = Time spent auto-exploring this place.
 F = Levels seen in this place.
 G = Mean time per level.
                   A        B        C        D        E       F      G
               +--------+--------+--------+--------+--------+-----+--------+
         Total |   1963 |   1844 |    119 |      0 |   1551 |   6 |  327.2 |
       Dungeon |   1904 |   1794 |    110 |      0 |   1505 |   5 |  380.8 |
        Temple |     58 |     50 |      8 |      0 |     46 |   1 |   58.0 |
               +--------+--------+--------+--------+--------+-----+--------+

Top non-repeatable levels by time:
     D:5: 1030 daAuts
     D:1: 379 daAuts
     D:2: 255 daAuts
     D:6: 128 daAuts
     D:3: 111 daAuts
  Temple: 58 daAuts
